 Dungeon Crawl Stone Soup version 0.23-a0-490-ge7ea69a (webtiles) character file.

529 doomedtodie431 the Chopper (level 7, -5/44 HPs)
             Began as a Tengu Berserker on Dec 2, 2018.
             Was a Priest of Trog.
             Slain by an ogre
             ... wielding a +0 giant club
              (13 damage)
             ... on level 5 of the Dungeon.
             The game lasted 00:22:47 (3319 turns).

doomedtodie431 the Chopper (Tengu Berserker)        Turns: 3319, Time: 00:22:47

Health: -5/44      AC:  8    Str: 18    XL:     7   Next: 23%
Magic:  17/17      EV: 13    Int:  8    God:    Trog [***...]
Gold:   170        SH:  0    Dex: 14    Spells: 6/6 levels left

rFire    + . .     SeeInvis .   g - +9 dagger of the Moon {holy, rC+ MP+9}
rCold    . . .     Gourm    .   (no shield)
rNeg     . . .     Faith    .   l - +1 ring mail
rPois    .         Spirit   .   (helmet restricted)
rElec    .         Reflect  .   (no cloak)
rCorr    .         Harm     .   j - +0 pair of gloves
MR       .....                  (boots unavailable)
Stlth    +.........             f - amulet of regeneration
HPRegen  0.54/turn              o - ring of fire
MPRegen  0.15/turn              (no ring)

@: no status effects
A: beak, talons 3, able to fly 1
a: Fly, Berserk, Trog's Hand, Renounce Religion


You were on level 5 of the Dungeon.
You worshipped Trog.
Trog was most pleased with you.
You were full.

You visited 1 branch of the dungeon, and saw 5 of its levels.

You collected 170 gold pieces.

Inventory:

Hand Weapons
 a - a +1 hand axe
 g - the +9 dagger of the Moon (weapon) {holy, rC+ MP+9}
   (You found it on level 4 of the Dungeon)

   It has been blessed by the Shining One to cause great damage to the undead
   and demons.
   It protects you from cold.
   It affects your magic capacity (+9).
 i - a +0 flail
Missiles
 d - 6 javelins (quivered)
Armour
 h - a +0 robe
 j - a +0 pair of gloves (worn)
 l - a +1 ring mail (worn)
Jewellery
 f - an amulet of regeneration (around neck)
 o - a ring of fire (left hand)
Scrolls
 b - a scroll of identify
 e - 2 scrolls of blinking
 k - 3 scrolls of remove curse
Potions
 m - a potion of haste
Comestibles
 c - 5 rations


   Skills:
 + Level 4.6 Fighting
 + Level 0.9 Short Blades
 + Level 4.6(5.0) Axes
 + Level 2.6(4.0) Maces & Flails
 + Level 4.2 Armour
 + Level 4.3 Dodging
 + Level 0.6 Stealth


You had 6 spell levels left.
You didn't know any spells.
Your spell library was empty.

Dungeon Overview and Level Annotations

Branches:
Dungeon (5/15)
 Temple: D:4-7

Altars:


Innate Abilities, Weirdness & Mutations

You have a beak for a mouth.
You have claws for feet.
You can fly.


Message History

The orc is heavily wounded.
The orc hits you but does no damage.
You puncture the orc!
You kill the orc!
Trog accepts your kill. The ogre hits you with a +0 giant club.
* * * LOW HITPOINT WARNING * * *
Things that are here:
a +0 club; a +0 scale mail; an orc corpse An orc comes into view.
It is wielding a +0 dagger.
The orc shouts!
Found a ration.
You hit the orc. Your peck misses the orc.
The orc is almost dead.
The ogre barely misses you. The orc misses you.
You hit the orc.
You kill the orc!
Trog accepts your kill. The ogre hits you with a +0 giant club!
You die...

#≈≈≈≈§§§§§§≈≈≈#.#
#≈...§§§§§...≈#.#
#≈...§§#§§.$.≈#.#
#≈.....#§§...≈#.#
#≈..#..#..#).≈#.############
#≈..#..#..#..≈#.............
#≈. ###8###..≈##########.###
#≈ :.# #O.≈# #.# #.. #@.≈#
###.##. .. #...).≈# #......
#.....≈# #.####. %......≈#
#.# ≈≈≈.≈≈≈≈≈≈# #.#
###'####### #####.# # ..
...#.##.## #. .#####.#......
.......?.##...


You could see an ogre.

Vanquished Creatures
  An ice beast (D:4)
  The ghost of epicgamergirlxD the Grasshopper, an amateur GnWr of the Shining One (D:4)
  A bullfrog zombie (D:3)
  A hound (D:4)
  A centaur skeleton (D:4)
  An iguana (D:4)
  2 worker ants (D:4)
  A centaur simulacrum (D:4)
  4 adders
  A shadow imp (D:5)
  A howler monkey simulacrum (D:4)
  A worker ant simulacrum (D:4)
  2 oozes
  4 worms
  2 dart slugs
  An adder simulacrum (D:4)
  3 leopard geckos
  6 orcs
  6 bats
  5 giant cockroaches
  8 goblins
  10 hobgoblins
  5 jackals
  8 kobolds
  2 quokkas
  4 frilled lizards
  2 jackal skeletons (D:4)
  A leopard gecko skeleton (D:4)
  A quokka simulacrum (D:4)
  7 rats
93 creatures vanquished.

Notes
Turn   | Place    | Note
-------+----------+-------------------------------------------
     0 | D:1      | doomedtodie431 the Tengu Berserker began the quest for the
                  | Orb.
     0 | D:1      | Reached XP level 1. HP: 14/14 MP: 2/2
   206 | D:1      | Reached XP level 2. HP: 19/19 MP: 3/3
   920 | D:1      | Reached XP level 3. HP: 17/23 MP: 4/4
  1046 | D:2      | Reached ** piety under Trog
  1145 | D:2      | Reached XP level 4. HP: 20/29 MP: 5/5
  2318 | D:3      | Reached *** piety under Trog
  2334 | D:3      | Gained mutation: You can fly. [Tengu growth]
  2334 | D:3      | Reached XP level 5. HP: 28/33 MP: 6/6
  2464 | D:4      | Got a faintly glowing dagger
  2465 | D:4      | Identified the +9 dagger of the Moon {holy, rC+ MP+9} (You
                  | found it on level 4 of the Dungeon)
  2474 | D:4      | Found a runed gate.
  2474 | D:4      | Found a runed gate.
  2474 | D:4      | Found a runed gate.
  2507 | D:4      | Reached skill level 1 in Maces & Flails
  2511 | D:4      | Noticed an ice beast
  2526 | D:4      | Killed an ice beast
  2526 | D:4      | Reached XP level 6. HP: 27/39 MP: 7/7
  2533 | D:4      | Noticed epicgamergirlxD's ghost (amateur GnWr)
  2551 | D:4      | Killed epicgamergirlxD's ghost
  2798 | D:4      | Reached XP level 7. HP: 44/44 MP: 8/8
  3239 | D:5      | Entered Level 5 of the Dungeon
  3299 | D:5      | HP: 2/44 [ogre/+0 giant club (5)]
  3319 | D:5      | Slain by an ogre

Vault maps used:
D:1:      dpeg_chamrin_arrival_tetris
D:2:      first_ration, minmay_misc_feat_diagonals, kennysheep_potato
D:3:      corexii_shack_village
D:4:      gammafunk_ghost_icy, grunt_ministairs_15
D:5:      kennysheep_generic_room_16

Skill      XL: |  1  2  3  4  5  6 |
---------------+-------------------+-----
Fighting       | 4 |  4.6
Axes           | 4 |  4.6
Dodging        | 3 4 |  4.3
Maces & Flails | 1 2 |  2.6
Armour         | 3 4 |  4.2
Short Blades   | |  0.9
Stealth        | |  0.6

Action                   |  1- 3 |  4- 6 |  7- 9 || total
-------------------------+-------+-------+-------++-------
Melee: Hand axe          |    62 |    56 |       ||   118
       Kick              |    11 |    29 |     9 ||    49
       Peck              |     7 |    24 |     3 ||    34
       Mace              |       |    23 |       ||    23
       Dagger            |       |    41 |    25 ||    66
  Use: Scroll            |     5 |     5 |     1 ||    11
       Potion            |     1 |     2 |       ||     3
  Eat: Ration            |     2 |     1 |     1 ||     4
Armor: Animal skin       |     5 |       |       ||     5
       Robe              |    16 |    10 |       ||    26
       Ring mail         |       |    45 |     8 ||    53
Dodge: Dodged            |    62 |   110 |    19 ||   191

Table legend:
 A = Non-vault XP
 B = Vault XP
 C = Vault XP percentage of total XP
 D = Non-vault monster count
 E = Vault monster count
 F = Vault count percentage of total count
                 A         B        C        D         E       F
            +---------+---------+-------+---------+---------+-------
      Total |     443 |     313 |  41.4 |      78 |      15 |  16.1
            +---------+---------+-------+---------+---------+-------
        D:1 |      41 |       0 |   0.0 |      19 |       0 |   0.0
        D:2 |      64 |       6 |   8.6 |      23 |       3 |  11.5
        D:3 |      84 |       8 |   8.7 |      18 |       4 |  18.2
        D:4 |     228 |     299 |  56.7 |      12 |       8 |  40.0
        D:5 |      26 |       0 |   0.0 |       6 |       0 |   0.0
            +---------+---------+-------+---------+---------+-------
